Description

The english version for the VOD is coming soon. This is a very cheesy build order that works against all races (you can do it better with a cannon rush in PvP if you want).

Notes :

  • Don't use chronoboosts on your economy
  • 2 gates at 15
  • Cut your probes production at 15
  • Send your scouting probe after the first gateway
  • Proxy nexus as soon as your reach your opponent base
  • Zealot, pylone then never stop zealots production (chronoboost)
  • Take your gas to regroup all your probes and recall when you have 5 zealots
  • If the opponent circle your nexus, cancel your zealot and go to a macro game!

VOD

https://youtu.be/cmPjz4N6LcQ

Replay - Søldier v zuka - Golden Wall LE

Build Order

Get SALT Encoding   

  12  0:00  Probe  
  13  0:12  Probe  
  14  0:17  Pylon  
  14  0:24  Probe  
  15  0:37  Gateway  
  15  0:45  Gateway  
  15  1:17  Nexus  
  15  1:24  Zealot (Chrono Boost)  
  19  1:45  Pylon  
  21  1:54  Assimilator  
  17  1:56  Cybernetics Core  
  17  1:57  Probe  
  18  2:17  Nexus  
  18  2:20  Probe (Chrono Boost)  
  22  2:31  Probe x2 (Chrono Boost)  
  22  2:32  Pylon  
  20  2:39  Adept  
  20  2:41  Assimilator  
  23  2:50  Probe  
  24  3:02  Probe  
  24  3:03  Warp Gate  
  24  3:05  Zealot x2  
  29  3:14  Probe  
  30  3:23  Pylon  
  30  3:25  Twilight Council  
  34  3:44  Robotics Facility  
  42  4:03  Charge (Chrono Boost)  
  43  4:16  Gateway x2  
  41  4:25  Gateway  
  41  4:38  Warp Prism (Chrono Boost)  
  41  4:45  Gateway x2  
  43  4:57  Pylon  
  43  5:04  Gateway  
  45  5:43  Zealot x6  
  60  6:01  Stalker x2  
  60  6:03  Sentry x2  
  68  6:05  Zealot  
  64  7:03  Stalker x5  
  70  7:17  Nexus  
  70  7:21  Immortal (Chrono Boost)  
  73  7:37  Assimilator x2  
  74  7:45  Forge  
  74  7:51  Immortal (Chrono Boost)  
  76  7:56  Robotics Bay  
  83  8:14  Protoss Ground Armor Level 1 (Chrono Boost)  
  83  8:19  Gateway  
  85  8:32  Blink (Chrono Boost)  
  94  8:46  Extended Thermal Lance (Chrono Boost)  
  96  8:55  Colossus (Chrono Boost)  
  102  9:06  Assimilator x2  
  108  9:30  Shield Battery x2  
  108  9:38  Colossus (Chrono Boost)  
Spawning Tool Build Advisor. Get it on Overwolf

Go to:

Details

  • Created by: zuka      
  • Published on: Aug 10, 2020
  • Modified on: Aug 10, 2020
  • Patch: 4.11.0
  • Difficulty: Medium
Show
View Real Time Build Order
Export as new Build Order

Comments (0)

There are no comments. Be the first!

Create an account to comment!